 Dungeon Crawl Stone Soup version 0.17-a0-848-g7e5c6af (webtiles) character file.

6352 xeno23 the Basher (level 10, -2/107 HPs)
             Began as an Ogre Wizard on Apr 27, 2015.
             Was an Elder of Okawaru.
             Killed by divine providence
             ... invoked by an orc priest
              (12 damage)
             ... on level 9 of the Dungeon.
             The game lasted 01:16:21 (12925 turns).

xeno23 the Basher (Ogre Wizard)                    Turns: 12925, Time: 01:16:21

Health: -2/107     AC:  5    Str: 17    XL:     10   Next: 96%
Magic:  18/22      EV: 10    Int: 17    God:    Okawaru [****..]
Gold:   245        SH:  0    Dex:  8    Spells: 9 memorised, 6 levels left

rFire  . . .     SeeInvis .     s - +1 giant club
rCold  . . .     Clarity  .     p - +0 robe {MR+}
rNeg   . . .     SustAb   .     (no shield)
rPois  +         Gourm    .     b - +1 hat
rElec  .         Spirit   .     D - +0 cloak
rCorr  .         Warding  .     (gloves unavailable)
rMut   .         Stasis   .     (boots unavailable)
MR     ++...                    (no amulet)
Stlth  +.........               l - ring of wizardry
                                E - ring of poison resistance

@: repel missiles, very resistant to hostile enchantments, very unstealthy
A: unfitting armour, tough skin 1
a: Heroism, Renounce Religion


You were on level 9 of the Dungeon.
You worshipped Okawaru.
Okawaru was greatly pleased with you.
You were not hungry.

You visited 2 branches of the dungeon, and saw 10 of its levels.

You collected 388 gold pieces.
You spent 143 gold pieces at shops.

Inventory:

Hand weapons
 m - a +0 giant spiked club
 o - a +0 spear
 s - a +1 giant club (weapon)
 C - a +2 quarterstaff of chaos
 I - a +0 blowgun
Missiles
 y - 3 large rocks (quivered)
 J - 8 curare-tipped needles
 M - a throwing net
Armour
 b - a +1 hat (worn)
 p - a +0 robe of magic resistance (worn)
 D - a +0 cloak (worn)
Jewellery
 f - an uncursed ring of protection from fire
 l - a ring of wizardry (right hand)
 E - a ring of poison resistance (left hand)
Magical devices
 t - a wand of slowing (34)
 z - a wand of polymorph (18)
 B - a wand of fire (8)
 L - a wand of cold (4)
Scrolls
 i - 3 scrolls of identify
 j - 2 scrolls of magic mapping
 k - a scroll of fear
 q - a scroll of amnesia
 r - 3 scrolls of teleportation
 K - a scroll of fog
Potions
 e - a potion of might
 u - a potion of restore abilities
 w - 2 potions of magic
 x - a potion of berserk rage
 A - 2 potions of resistance
 F - a potion of ambrosia {unknown}
 H - 2 potions of curing
Books
 c - a book of Minor Magic

   Spells                             Type                      Level
   a - Magic Dart                     Conjuration                  1
   b - Blink                          Translocation                2
   c - Call Imp                       Summoning                    2
   d - Repel Missiles                 Charms/Air                   2
   e - Slow                           Hexes                        2
   f - Conjure Flame                  Conjuration/Fire             3
   g - Mephitic Cloud                 Conjuration/Poison/Air       3
 G - a book of Spatial Translocations

   Spells                             Type                      Level
   a - Apportation                    Translocation                1
   b - Blink                          Translocation                2
   c - Shroud of Golubria             Charms/Translocation         2
   d - Portal Projectile              Translocation                3
   e - Teleport Other                 Translocation                3
   f - Passage of Golubria            Translocation                4
Comestibles
 a - 7 chunks of flesh
 d - 9 bread rations
 g - 7 beef jerkies
 h - 4 meat rations
 n - a royal jelly


   Skills:
 * Level 9.1 Fighting
 * Level 11.4 Maces & Flails
 * Level 8.9 Throwing
 + Level 3.3 Dodging
 - Level 1.5 Stealth
 * Level 8.0 Spellcasting
 - Level 2.2 Conjurations
 - Level 0.6 Summonings
 - Level 0.6 Translocations
 + Level 2.1 Invocations


You had 6 spell levels left.
You knew the following spells:

 Your Spells              Type           Power        Failure   Level  Hunger
a - Magic Dart            Conj           ##..         1%          1    None
b - Blink                 Tloc           N/A          6%          2    None
c - Call Imp              Summ           #.......     6%          2    None
d - Conjure Flame         Conj/Fire      ##......     9%          3    #......
e - Mephitic Cloud        Conj/Pois/Air  #.......     10%         3    #......
f - Portal Projectile     Tloc           #.....       10%         3    #......
g - Shroud of Golubria    Chrm/Tloc      #.........   7%          2    None
h - Apportation           Tloc           #.........   4%          1    None
r - Repel Missiles        Chrm/Air       #.....       7%          2    None


Dungeon Overview and Level Annotations

Branches:
Dungeon (9/15)             Temple (1/1) D:4            Lair (0/8) D:8
    Orc: D:9-12

Altars:
Ashenzari
Cheibriados
Dithmenos
Elyvilon
Fedhas
Gozag
Kikubaaqudgha
Makhleb
Nemelex Xobeh
Okawaru
Qazlal
Ru
Sif Muna
Trog
Vehumet
Xom
Yredelemnul
Zin
The Shining One

Shops:
D:6 !


Innate Abilities, Weirdness & Mutations

You are too large for most types of armour.
You have tough skin (AC +1).


Message History

Aiming: Conjure Flame
Press: ? - help, Dir - move target cursor The fire roars!
Throwing (i - inventory. (,) - cycle):
v - a poisoned javelin (quivered)
Press: ? - help, Shift-Dir - straight line, f - hippogriff
Aim: a hippogriff (flame, moderately wounded)
You throw a poisoned javelin.
The poisoned javelin hits the hippogriff!
The hippogriff is poisoned.
The hippogriff is heavily wounded.
The hippogriff is engulfed in roaring flames.
Throwing (i - inventory. (,) - cycle):
y - 4 large rocks (quivered)
Press: ? - help, Shift-Dir - straight line, f/p - hippogriff
Aim: a hippogriff (severely wounded, poisoned)
You throw a large rock. The large rock hits the hippogriff!!
You kill the hippogriff!
Okawaru accepts your kill.
The orc priest calls down the wrath of Beogh upon you.
Something smites you!
You die...

# . # #.
#.##.##
.......
....#...####
........@..#
#....##.##.#
#....... #.#
#....o## #.#
#.....####(#
+...oo§..§.#
##...K######
#.....#
#.....#


You could see an orc warrior and an orc priest.

Vanquished Creatures
  Pikel (D:7)
  An elephant (D:8)
  Joseph (D:7)
  The ghost of OrbSeeker the Thaumaturge, an experienced DECj of Vehumet (D:6)
  The ghost of 4thArraOfDagon the Chopper, an average TrGl (D:5)
  Grinder (D:3)
  2 hippogriffs
  A hungry ghost (D:7)
  2 ice beasts
  Duvessa (D:4)
  A sky beast (D:6)
  An orc warrior (D:8)
  7 ogres
  A black bear (D:8)
  2 slaves (D:7)
  3 phantoms
  2 big kobolds
  8 centaurs
  5 giant frogs
  Dowan (D:4)
  3 scorpions
  A goliath beetle (D:8)
  4 giant frog skeletons
  A giant frog zombie (D:6)
  2 jellies
  Crazy Yiuf (D:4)
  4 orc priests
  5 hounds
  6 orc wizards
  4 iguanas
  6 worker ants
  A statue (D:4)
  A killer bee zombie (D:7)
  2 sheep (D:8)
  A hound skeleton (D:6)
  A worker ant zombie (D:6)
  7 adders
  An ooze (D:2)
  3 worms
  An adder skeleton (D:4)
  25 orcs
  3 ball pythons
  16 bats
  A bat skeleton (D:5)
  3 bat zombies
  20 hobgoblins
  4 jackals (D:5)
  3 quokkas
  4 giant cockroaches
  12 giant newts
  A giant spore (D:6)
  22 goblins
  38 kobolds
  A quokka skeleton (D:4)
  12 rats
  2 ballistomycetes (D:6)
  A bush (D:4)
266 creatures vanquished.

Vanquished Creatures (collateral kills)
  A big kobold (D:9)
  Ijyb (D:3)
  2 adders
  An adder skeleton (D:5)
  An orc (D:4)
6 creatures vanquished.

Vanquished Creatures (others)
  The ghost of xeno23 the Ogre Mage, an average OgWz (D:3)
  A crimson imp (D:3)
  4 white imps
  A shadow imp (D:5)
  A bat (D:7)
  4 toadstools (D:1)
12 creatures vanquished.

Grand Total: 284 creatures vanquished

Notes
Turn   | Place    | Note
--------------------------------------------------------------
     0 | D:1      | xeno23, the Ogre Wizard, began the quest for the Orb.
     0 | D:1      | Reached XP level 1. HP: 16/16 MP: 5/5
    45 | D:1      | Reached skill level 1 in Fighting
   402 | D:1      | Reached skill level 1 in Maces & Flails
   410 | D:1      | Reached XP level 2. HP: 9/27 MP: 4/6
   602 | D:1      | Learned a level 2 spell: Blink
   605 | D:1      | Learned a level 2 spell: Call Imp
  1512 | D:2      | Reached XP level 3. HP: 26/33 MP: 8/8
  2040 | D:2      | HP: 1/33 [giant newt (2)]
  2829 | D:3      | Learned a level 3 spell: Mephitic Cloud
  2882 | D:3      | Found an iron altar of Okawaru.
  2904 | D:3      | Became a worshipper of Warmaster Okawaru
  3026 | D:3      | Noticed Ijyb
  3057 | D:3      | Noticed xeno23's ghost (average OgWz)
  3063 | D:3      | Killed Ijyb
  3063 | D:3      | Reached skill level 4 in Spellcasting
  3063 | D:3      | Reached XP level 4. HP: 19/42 MP: 2/10
  3513 | D:2      | Learned a level 3 spell: Conjure Flame
  3531 | D:3      | Killed xeno23's ghost
  3531 | D:3      | Reached skill level 1 in Throwing
  3999 | D:3      | Reached XP level 5. HP: 22/50 MP: 2/11
  4244 | D:3      | Noticed an ogre
  4364 | D:4      | HP: 2/75 [orc wizard/magic dart (6)]
  4402 | D:3      | HP: 2/50 [goblin (4)]
  4724 | D:3      | Killed an ogre
  4724 | D:3      | Acquired Okawaru's first power
  4724 | D:3      | Reached skill level 5 in Maces & Flails
  4724 | D:3      | Reached XP level 6. HP: 42/61 MP: 7/13
  5193 | D:3      | Noticed Grinder
  5202 | D:3      | Killed Grinder
  5202 | D:3      | Reached skill level 5 in Spellcasting
  5202 | D:3      | Reached XP level 7. HP: 58/68 MP: 5/14
  5289 | D:4      | Reached skill level 6 in Maces & Flails
  5336 | D:4      | Found a radiant altar of Vehumet.
  5345 | D:4      | Found a glowing golden altar of the Shining One.
  5368 | D:4      | Noticed a phantom
  5388 | D:4      | Killed a phantom
  5611 | D:4      | Found a blossoming altar of Fedhas.
  5619 | D:4      | Noticed a centaur
  5631 | D:4      | Killed a centaur
  5929 | D:4      | Noticed Duvessa
  5933 | D:4      | Noticed Dowan
  5935 | D:4      | Killed Duvessa
  5935 | D:4      | Reached skill level 7 in Maces & Flails
  5935 | D:4      | Reached XP level 8. HP: 63/79 MP: 13/16
  5939 | D:4      | Killed Dowan
  6030 | D:4      | Noticed Crazy Yiuf
  6034 | D:4      | Killed Crazy Yiuf
  6034 | D:4      | Reached skill level 5 in Throwing
  6173 | D:4      | Found a staircase to the Ecumenical Temple.
  6210 | Temple   | Entered the Ecumenical Temple
  6341 | D:5      | Entered Level 5 of the Dungeon
  6392 | D:5      | Learned a level 2 spell: Repel Missiles
  6397 | D:5      | Noticed 4thArraOfDagon's ghost (average TrGl)
  6421 | D:5      | Killed 4thArraOfDagon's ghost
  6421 | D:5      | Reached skill level 5 in Fighting
  6743 | D:5      | Reached skill level 8 in Maces & Flails
  6893 | D:5      | Reached XP level 9. HP: 72/88 MP: 11/18
  7303 | D:5      | Reached skill level 9 in Maces & Flails
  8035 | D:6      | Noticed OrbSeeker's ghost (experienced DECj)
  8049 | D:6      | Killed OrbSeeker's ghost
  8049 | D:6      | Reached skill level 1 in Conjurations
  8540 | D:6      | Found a shadowy altar of Dithmenos.
  8573 | D:6      | Found Oschuuts's Distillery.
  8581 | D:6      | Bought a potion of heal wounds for 65 gold pieces
  8581 | D:6      | Bought a potion of curing for 39 gold pieces
  8581 | D:6      | Bought a potion of curing for 39 gold pieces
  9319 | D:7      | Learned a level 3 spell: Portal Projectile
  9322 | D:7      | Learned a level 2 spell: Shroud of Golubria
  9324 | D:7      | Learned a level 1 spell: Apportation
  9426 | D:7      | Noticed Joseph
  9427 | D:7      | Noticed Pikel
  9464 | D:7      | Reached skill level 10 in Maces & Flails
 10059 | D:7      | Reached XP level 10. HP: 96/102 MP: 20/20
 10270 | D:7      | Reached skill level 1 in Invocations
 10275 | D:7      | Killed Joseph
 10528 | D:7      | HP: 2/104 [orc wizard/puff of flame (9)]
 11126 | D:7      | Killed Pikel
 12163 | D:8      | Reached skill level 11 in Maces & Flails
 12312 | D:8      | Found a staircase to the Lair.
 12605 | D:8      | Noticed an elephant
 12621 | D:8      | Killed an elephant
 12621 | D:8      | Received a gift from Okawaru
 12925 | D:9      | Killed from afar by an orc priest

Action                   |  1- 3 |  4- 6 |  7- 9 | 10-12 || total
-------------------------+-------+-------+-------+-------++-------
Melee: Whip              |   239 |    75 |       |       ||   314
       Unarmed           |    15 |       |       |       ||    15
       Club              |     1 |       |       |       ||     1
       Spear             |       |     5 |    14 |     3 ||    22
       Giant club        |       |    17 |   148 |   234 ||   399
       Giant spiked club |       |       |   179 |       ||   179
Throw: Javelin           |       |     6 |     6 |     7 ||    19
       Large rock        |       |       |    16 |     9 ||    25
 Cast: Magic Dart        |    29 |    18 |    11 |     1 ||    59
       Call Imp          |     4 |    11 |     9 |     1 ||    25
       Conjure Flame     |       |     6 |     1 |     4 ||    11
       Mephitic Cloud    |       |     2 |     8 |     5 ||    15
       Repel Missiles    |       |       |     2 |     4 ||     6
       Shroud of Golubri |       |       |     1 |     2 ||     3
       Portal Projectile |       |       |       |     2 ||     2
Invok: Heroism           |       |     1 |     7 |     4 ||    12
  Use: Scroll            |       |     2 |    16 |     5 ||    23
       Potion            |       |     2 |     2 |     2 ||     6
 Stab: Sleeping          |     1 |       |       |       ||     1
       Confused          |       |       |       |     2 ||     2
  Eat: Chunk             |     7 |     6 |    16 |    12 ||    41
       Pizza             |       |     1 |       |       ||     1
